 Dungeon Crawl Stone Soup version 0.30-a0-879-ga8ba668304 (webtiles) character file.

Game seed: 2095176472448657467

322 jasper the Chopper (level 6, -8/50 HPs)
             Began as a Demigod Fighter on Mar 13, 2023.
             Mangled by Menkaure (19 damage)
             ... in an ossuary.
             The game lasted 00:04:09 (3805 turns).

jasper the Chopper (Demigod Fighter)                Turns: 3805, Time: 00:04:10

Health: -8/50      AC: 12    Str: 25    XL:     6   Next: 2%
Magic:  8/8        EV:  6    Int: 10    God:
Gold:   268        SH:  0    Dex: 13    Spells: 5/5 levels left

rFire   . . .      SeeInvis .    a - +1 war axe
rCold   . . .      Faith    .    (no shield)
rNeg    . . .      Spirit   .    m - +0 plate armour
rPois   .          Reflect  .    (no helmet)
rElec   .          Rampage  .    (no cloak)
rCorr   .                        t - +0 pair of gloves
Will    .....                    (no boots) Stlth
                                 (no amulet)
HPRegen 0.28/turn                (no ring)
MPRegen 0.11/turn                (no ring)

@: no status effects
A: high MP 1, forlorn, divine attributes
a: no special abilities


You were in an ossuary.
You visited 1 branch of the dungeon, and saw 4 of its levels.
You also visited: Ossuary.

You collected 268 gold pieces.

Inventory:

Hand Weapons
 a - a +1 war axe (weapon)
Missiles
 e - 33 stones (quivered)
 g - 6 poisoned darts
Armour
 b - a +0 scale mail
 m - a +0 plate armour (worn)
 t - a +0 pair of gloves (worn)
Jewellery
 q - a ring of magical power
Scrolls
 c - a scroll of enchant weapon
 i - 5 scrolls of teleportation
 k - a scroll of magic mapping
Potions
 f - 5 potions of curing
 h - a potion of magic
 j - 2 potions of lignification
 l - a potion of berserk rage {unknown}
 n - 2 potions of brilliance {unknown}
 p - a potion of haste {unknown}
 v - 2 potions of ambrosia {unknown}


   Skills:
 - Level 2.6 Fighting
 + Level 6.1 Axes
 - Level 2.6 Armour
 - Level 2.6 Shields


You had 5 spell levels left.
You didn't know any spells.
Your spell library contained the following spells:

 Spells                   Type           Power      Damage    Failure   Level
 Apportation              Tloc           0%         N/A       99%         1
 Magic Dart               Conj           0%         1d3       99%         1
 Necrotise                Necr           0%         1d4       99%         1
 Summon Small Mammal      Summ           0%         N/A       99%         1
 Searing Ray              Conj           0%         2d4       100%        2
 Call Canine Familiar     Summ           0%         N/A       100%        3
 Summon Guardian Golem    Hex/Summ       0%         N/A       100%        3
 Fulminant Prism          Conj/Hex       0%         3d5       100%        4


Dungeon Overview and Level Annotations

Branches:
Dungeon (4/15)            Ossuary (1/1)
 Temple: D:4-7

Annotations:
Ossuary Menkaure


Innate Abilities, Weirdness & Mutations

You have an increased reservoir of magic. (+10% MP)
You shall have no god before yourself.
Your divine heritage dramatically boosts your attributes as you level up.


Message History

You slash the gnoll skeleton!
You destroy the gnoll skeleton!
You slash the goblin zombie!
You destroy the goblin zombie!
You slash the kobold skeleton!
You destroy the kobold skeleton!
A kobold skeleton comes into view.
The rat zombie bites you but does no damage.
You hit the rat zombie.
The rat zombie is heavily damaged.
You slash Menkaure!
The sentinel's mark upon you fades away.
The rat zombie bites you but does no damage.
Menkaure mumbles some strange words.
Menkaure seems to speed up.
You slash the rat zombie!
You destroy the rat zombie!
You slash Menkaure! Menkaure hits you but does no damage.
You hit the kobold skeleton.
The kobold skeleton is severely damaged.
You hit Menkaure.
Menkaure calls on the powers of darkness!
Your body is wracked with pain!
Menkaure hits you but does no damage.
You barely miss the kobold skeleton.
The kobold skeleton is severely damaged.
You completely miss Menkaure. The kobold skeleton hits you.
Menkaure barely misses you.
You take 25 damage, and have 25/50 hp.
MASSIVE DAMAGE!!
You hit the kobold skeleton.
You destroy the kobold skeleton!
You barely miss Menkaure. Menkaure hits you!
Menkaure hits you but does no damage.
You take 6 damage, and have 19/50 hp.
Menkaure barely misses you.
A mummy comes into view. 2 mummies come into view.
The mummy hits you!
* * * LOW HITPOINT WARNING * * *
Menkaure attacks as you move away! Menkaure hits you!!
You die...

##..##..##..##..##.
##..##..##..####..##
##..##..##..## ##..#
##..##..##..## ##..
##..##..##..## ##.
##..##..##..## ##
##..##..##..## # ##..##..##M.##
##..##..##@M##
##..##^.##...MM....
##..##..#####################
##..##........................
##..###########################
#..............................
###############################


You could see Menkaure (fast) and 3 mummies.

Vanquished Creatures
  Blork the orc (D:4)
  A hound (D:4)
  An iguana (D:4)
  An orc wizard (D:4)
  7 adders
  A worm (D:2)
  5 dart slugs
  3 orcs (D:4)
  7 endoplasms
  2 giant cockroaches
  4 gnoll zombies (Ossuary)
  6 goblins
  10 hobgoblins
  4 kobolds
  A quokka (D:1)
  5 ball pythons
  4 bats
  3 frilled lizards
  2 gnoll skeletons (Ossuary)
  4 goblin skeletons (Ossuary)
  6 goblin zombies (Ossuary)
  4 hobgoblin skeletons (Ossuary)
  2 hobgoblin zombies (Ossuary)
  8 kobold skeletons (Ossuary)
  4 kobold zombies (Ossuary)
  4 orc skeletons (Ossuary)
  An orc zombie (Ossuary)
  3 rats
  3 rat skeletons (Ossuary)
  8 rat zombies (Ossuary)
115 creatures vanquished.

Notes
Turn   | Place    | Note
-------+----------+-------------------------------------------
     0 | D:1      | jasper the Demigod Fighter began the quest for the Orb.
     0 | D:1      | Reached XP level 1. HP: 18/18 MP: 3/3
   155 | D:1      | Reached skill level 2 in Axes
   289 | D:1      | Reached XP level 2. HP: 14/25 MP: 4/4
   438 | D:1      | Reached skill level 3 in Axes
   786 | D:1      | Reached XP level 3. HP: 30/30 MP: 5/5
  1370 | D:2      | Reached skill level 4 in Axes
  1412 | D:2      | Reached XP level 4. HP: 35/37 MP: 6/6
  3254 | D:4      | Reached skill level 5 in Axes
  3302 | D:4      | Noticed Blork the orc
  3307 | D:4      | Reached XP level 5. HP: 23/42 MP: 7/7
  3322 | D:4      | Killed Blork the orc
  3428 | D:4      | Found a sand-covered staircase.
  3446 | Ossuary  | Entered an ossuary
  3676 | Ossuary  | Reached skill level 6 in Axes
  3786 | Ossuary  | Reached XP level 6. HP: 49/50 MP: 8/8
  3793 | Ossuary  | Noticed Menkaure
  3805 | Ossuary  | Mangled by Menkaure

Illustrated notes

Levels and vault maps discovered:
D:1:      dpeg_arrival_three_same_balls, layout_loops_ring
D:2:      layout_basic
D:3:      layout_basic
D:4:      layout_basic, kennysheep_little_box,
          mainiacjoe_overflow_small_starburst, minmay_temple_entry_antechambers,
          nicolae_ossuary_entry_ruins, uniq_robin, uniq_blork_the_orc
Ossuary:  ossuary_due_pyramid

Skill      XL: |  1  2  3  4  5 |
---------------+----------------+-----
Axes           | 2 3 4 5 6 |  6.1
Fighting       | |  2.6
Armour         | |  2.6
Shields        | |  2.6

Action                     |  1- 3 |  4- 6 || total
---------------------------+-------+-------++-------
  Melee: War axe           |    91 |   162 ||   253
         Punch             |       |     1 ||     1
  Throw: Stone             |       |     3 ||     3
    Use: Scroll            |     2 |     9 ||    11
         Potion            |       |     3 ||     3
 Armour: Scale mail        |    42 |       ||    42
         Plate armour      |    28 |   119 ||   147
  Dodge: Dodged            |    41 |    59 ||   100

Table legend: (Time is in decaauts)
 A = Elapsed time spent in this place.
 B = Non-inter-level travel time spent in this place.
 C = Inter-level travel time spent in this place.
 D = Time resting spent in this place.
 E = Time spent auto-exploring this place.
 F = Levels seen in this place.
 G = Mean time per level.
                   A        B        C        D        E       F      G
               +--------+--------+--------+--------+--------+-----+--------+
         Total |   3887 |   3810 |     77 |    231 |   2635 |   5 |  777.4 |
       Dungeon |   3513 |   3436 |     77 |    150 |   2626 |   4 |  878.2 |
       Ossuary |    373 |    373 |      0 |     81 |      9 |   1 |  373.0 |
               +--------+--------+--------+--------+--------+-----+--------+

Top non-repeatable levels by time:
     D:3: 1214 daAuts
     D:2: 1059 daAuts
     D:1: 1005 daAuts
 Ossuary: 373 daAuts
     D:4: 234 daAuts
